 Dungeon Crawl Stone Soup version 0.19.1-1-g22dce08 (webtiles) character file.

527 Dolanko the Cudgeler (level 7, -3/61 HPs)
             Began as a Minotaur Fighter on Jan 11, 2017.
             Was an Initiate of Makhleb.
             Slain by a yak (14 damage)
             ... on level 4 of the Dungeon.
             The game lasted 00:05:56 (2783 turns).

Dolanko the Cudgeler (Minotaur Fighter)             Turns: 2783, Time: 00:05:57

Health: -3/61      AC:  9    Str: 22    XL:     7   Next: 2%
Magic:  6/6        EV:  7    Int:  5    God:    Makhleb [......]
Gold:   119        SH: 10    Dex: 10    Spells: 0 memorised, 6 levels left

rFire  . . .     SeeInvis .     t - +1 morningstar
rCold  . . .     Gourm    .     b - +0 scale mail
rNeg   . . .     Faith    .     c - +0 shield
rPois  .         Spirit   .     (helmet restricted)
rElec  .         Reflect  .     x - +1 cloak
rCorr  .         Harm     .     (no gloves)
MR     .....                    (no boots)
Stlth  ..........               o - amulet of regeneration
                                (no ring)
                                (no ring)

@: no status effects
A: retaliatory headbutt, horns 2
a: Renounce Religion


You were on level 4 of the Dungeon.
You worshipped Makhleb.
Makhleb was noncommittal.
You were not hungry.

You visited 2 branches of the dungeon, and saw 5 of its levels.

You collected 119 gold pieces.

Inventory:

Hand Weapons
 t - a +1 morningstar (weapon)
Armour
 b - a +0 scale mail (worn)
 c - a +0 shield (worn)
 x - a +1 cloak (worn)
Jewellery
 o - an amulet of regeneration (around neck)
Wands
 q - a wand of digging (13/24)
 u - a wand of digging (13/24)
Scrolls
 a - a scroll of blinking {unknown}
 e - 4 scrolls of teleportation
 h - a scroll of amnesia
 i - a scroll of remove curse
 s - a scroll of identify
Potions
 d - 3 potions of might
 v - a potion of berserk rage {unknown}
 w - a potion of brilliance {unknown}
Comestibles
 f - 3 bread rations
 g - 4 meat rations
 k - 3 chunks of flesh
 n - 3 fruits
 z - a beef jerky


   Skills:
 + Level 5.3 Fighting
 * Level 6.1 Maces & Flails
 + Level 5.3 Armour
 + Level 5.3 Shields


You had 6 spell levels left.
You didn't know any spells.

Dungeon Overview and Level Annotations

Branches:
Dungeon (4/15)             Temple (1/1) D:4

Altars:
Ashenzari
Cheibriados
Elyvilon
Fedhas
Gozag
Hepliaklqana
Kikubaaqudgha
Makhleb
Nemelex Xobeh
Qazlal
Sif Muna
Trog
Vehumet
Yredelemnul
Zin
The Shining One


Innate Abilities, Weirdness & Mutations

You reflexively headbutt those who attack you in melee.
You have a pair of horns on your head.


Message History

The yak gores you!
* * * LOW HITPOINT WARNING * * *
The yak gores you but does no damage. You block the yak's attack.
It was a potion of curing.
You feel better. The yak gores you but does no damage.
The yak closely misses you. You furiously retaliate!
You headbutt the yak! The yak barely misses you.
It was a potion of invisibility.
You fade into invisibility!
You block the yak's attack. The yak gores you!
* * * LOW HITPOINT WARNING * * *
The yak gores you but does no damage.
You are very lightly contaminated with residual magic.
It was a potion of cancellation.
Your magical effects are unravelling.
You feel magically purged.
Your magical contamination has completely faded away.
You flicker back into view.
You feel a little less mighty now. The yak gores you but does no damage.
You block the yak's attack. The yak gores you!
You die...

#....# #.# #....# #.#### #####
#....#######..... ....#
+................ ....#
#.Y...#.##....... ....# #...Y..
#.###### ....# #....### #.#
...†#### #########....# #.######
.......# #.....@Y..##.#+#.......
.......# #.#...YY...#...........
.......# #.#.#####..#...........
.......# #.#.# ####.#...........
.......# #.#.###................
.......####.....#.##.#...........
...................#.............
.......######.#.#....#.#'########
.......##.......#.##.#.#..#


You could see 3 yaks.

Vanquished Creatures
  A yak (D:4)
  Crazy Yiuf (D:3)
  2 jellies
  Terence (D:3)
  3 worker ants (D:4)
  Ijyb (D:3)
  Robin (D:3)
  7 adders
  2 oozes
  A dart slug (D:2)
  5 giant cockroaches
  7 hobgoblins
  6 jackals
  A quokka (D:3)
  4 bats
  5 frilled lizards
  18 goblins
  9 kobolds
  7 rats
82 creatures vanquished.

Vanquished Creatures (others)
  A frilled lizard (D:2)
1 creature vanquished.

Grand Total: 83 creatures vanquished

Notes
Turn   | Place    | Note
-------+----------+-------------------------------------------
     0 | D:1      | Dolanko the Minotaur Fighter began the quest for the Orb.
     0 | D:1      | Reached XP level 1. HP: 19/19 MP: 0/0
   278 | D:1      | Reached XP level 2. HP: 27/27 MP: 1/1
   483 | D:1      | Reached skill level 3 in Maces & Flails
   779 | D:2      | Found a white marble altar of Elyvilon.
   905 | D:2      | Found a glowing golden altar of the Shining One.
   948 | D:2      | Found a snail-covered altar of Cheibriados.
  1010 | D:2      | Reached XP level 3. HP: 21/33 MP: 2/2
  1198 | D:2      | Found a deep blue altar of Sif Muna.
  1321 | D:2      | Found a blossoming altar of Fedhas.
  1588 | D:3      | Reached XP level 4. HP: 38/40 MP: 3/3
  1628 | D:3      | Found an ancient bone altar of Kikubaaqudgha.
  1628 | D:3      | Found a bloodstained altar of Trog.
  1697 | D:3      | Reached skill level 4 in Maces & Flails
  1704 | D:3      | Noticed Ijyb
  1720 | D:3      | Killed Ijyb
  1816 | D:3      | Noticed Robin
  1825 | D:3      | Reached XP level 5. HP: 45/46 MP: 4/4
  1835 | D:3      | Killed Robin
  1976 | D:3      | Noticed Terence
  1988 | D:3      | Killed Terence
  2065 | D:3      | Found a runed door.
  2069 | D:3      | Noticed Crazy Yiuf
  2075 | D:3      | Killed Crazy Yiuf
  2175 | D:3      | Reached skill level 5 in Maces & Flails
  2421 | D:4      | Found a staircase to the Ecumenical Temple.
  2456 | Temple   | Entered the Ecumenical Temple
  2575 | Temple   | Became a worshipper of Makhleb the Destroyer
  2604 | D:4      | Reached skill level 5 in Shields
  2604 | D:4      | Reached XP level 6. HP: 55/55 MP: 5/5
  2716 | D:4      | Reached skill level 5 in Fighting
  2716 | D:4      | Reached skill level 5 in Armour
  2764 | D:4      | Noticed a yak
  2765 | D:4      | Noticed a yak
  2765 | D:4      | Noticed a yak
  2765 | D:4      | Noticed a yak
  2780 | D:4      | Killed a yak
  2780 | D:4      | Reached skill level 6 in Maces & Flails
  2780 | D:4      | Reached XP level 7. HP: 23/61 MP: 6/6
  2783 | D:4      | Slain by a yak

Skill      XL: |  1  2  3  4  5  6 |
---------------+-------------------+-----
Shields        | 4 5 |  5.3
Maces & Flails | 3 4 5 6 |  6.1
Fighting       | 4 5 |  5.3
Armour         | 4 5 |  5.3

Action                   |  1- 3 |  4- 6 |  7- 9 || total
-------------------------+-------+-------+-------++-------
Melee: Flail             |    87 |    66 |       ||   153
       Spear             |    43 |       |       ||    43
       Headbutt          |    12 |    22 |       ||    34
       Morningstar       |       |    74 |       ||    74
  Use: Scroll            |     2 |     7 |       ||     9
       Potion            |       |     1 |     3 ||     4
  Eat: Chunk             |     1 |     5 |       ||     6
Armor: Scale mail        |    45 |    55 |     4 ||   104
Dodge: Dodged            |    33 |    38 |     2 ||    73
Block: Shield            |    70 |    79 |     3 ||   152
